AoeStats
← dadhu

Black Forest

507769643Analyzed
4v4 RM · 13d ago on Sep 19, 2026· 46m 32s· 8 players
Game mode
Random Map
Map size
Large (8 player)
Population
200
Speed
Normal
Resources
Standard
Victory
Conquest
Starting age
Dark Age
Ending age
Imperial Age
RankedLock teamsTeams togetherTeam positionsShared explorationLock speedFull tech treeHidden civsTurbo modeCheats
Victory
Defeat
🇪🇸 Byzantines · Spain
712
+13
🇦🇷 Celts · Argentina
682
+14
🇧🇷 Mongols · Brazil
626
+16
🇬🇧 Britons · United Kingdom
531
+20
🇮🇳 Turks · India
660
-17
🇺🇸 Mongols · United States
655
-17
🇦🇺 Mongols · Australia
642
-16
🇮🇳 Persians · India
556
-13
sancharizard
0:52 Loom
18:31 Feudal Age
22:15 Horse Collar
22:27 Fletching
23:16 Gold Mining
23:15 Double-Bit Axe
24:06 Man-at-Arms
24:33 Arson
Ardeth
0:27 Loom
12:34 Feudal Age
13:48 Double-Bit Axe
13:48 Horse Collar
18:36 Wheelbarrow
21:32 Fletching
24:12 Castle Age
23:45 Gold Mining
23:46 Stone Mining
25:43 Bow Saw
29:02 Heavy Plow
38:33 Imperial Age
39:49 Conscription
39:38 Artillery
42:01 Elite Janissary
dadhu
0:43 Loom
14:21 Feudal Age
15:23 Town Watch
15:24 Horse Collar
15:31 Double-Bit Axe
17:06 Wheelbarrow
17:04 Gold Mining
18:40 Stone Mining
26:03 Castle Age
24:49 Fletching
28:32 Crossbowman
30:24 Heavy Plow
32:14 Padded Archer Armor
37:01 Imperial Age
34:58 Forging
35:55 Guard Tower
36:08 Bodkin Arrow
37:48 Thumb Ring
38:34 Conscription
40:32 Kamandaran
40:39 Pikeman
41:58 Squires
J diddyy7915
10:06 Feudal Age
10:33 Loom
10:59 Loom
11:19 Double-Bit Axe
11:19 Horse Collar
18:25 Castle Age
19:43 Bow Saw
20:15 Heavy Plow
25:40 Wheelbarrow
27:38 Fletching
27:54 Gold Mining
28:29 Thumb Ring
30:15 Bodkin Arrow
31:27 Gold Shaft Mining
36:46 Hand Cart
41:25 Imperial Age
40:13 Forging
40:06 Padded Archer Armor
40:14 Scale Barding Armor
Ironkinghard
11:06 Feudal Age
11:31 Double-Bit Axe
11:27 Horse Collar
16:50 Wheelbarrow
16:13 Stone Mining
19:47 Castle Age
18:02 Gold Mining
20:36 Heavy Plow
20:49 Bow Saw
23:23 Fletching
24:12 Forging
24:04 Padded Archer Armor
26:16 Bodkin Arrow
26:45 Hand Cart
33:30 Imperial Age
31:35 Leather Archer Armor
31:25 Scale Barding Armor
33:21 Chain Barding Armor
34:53 Bracer
35:29 Iron Casting
35:01 Husbandry
35:12 Bloodlines
36:25 Elite Steppe Lancer
37:29 Caravan
37:12 Elite Mangudai
42:09 Chemistry
41:29 Ballistics
SEVENOF22
13:37 Feudal Age
22:17 Gold Mining
24:57 Castle Age
23:27 Stone Mining
23:54 Double-Bit Axe
23:55 Horse Collar
27:47 Pikeman
28:41 Caravan
29:25 Wheelbarrow
31:14 Bow Saw
31:52 Fortified Wall
32:07 Heavy Plow
38:55 Imperial Age
36:12 Loom
36:13 Town Watch
37:33 Arson
37:49 Squires
37:35 Gambesons
37:11 Man-at-Arms
37:58 Scale Mail Armor
37:58 Padded Archer Armor
37:49 Fletching
38:51 Ballistics
38:27 Murder Holes
39:20 Hand Cart
39:41 Warwolf
39:33 Long Swordsman
41:21 Gold Shaft Mining
41:36 Town Patrol
43:24 Chemistry
43:16 Forging
44:20 Two-Man Saw
44:58 Elite Longbowman
montesmariano1805
1:25 Loom
13:08 Feudal Age
17:37 Castle Age
16:38 Double-Bit Axe
20:01 Bow Saw
20:46 Wheelbarrow
26:05 Scale Mail Armor
35:20 Imperial Age
33:44 Forging
36:46 Horse Collar
36:59 Gold Mining
40:23 Gold Shaft Mining
39:33 Capped Ram
40:41 Onager
46:13 Siege Engineers
zuri_gos
0:27 Loom
12:58 Feudal Age
14:09 Double-Bit Axe
16:43 Wheelbarrow
20:29 Castle Age
21:46 Bow Saw
25:12 Horse Collar
26:49 Elite Skirmisher
27:38 Stone Mining
27:38 Gold Mining
27:43 Fletching
27:53 Padded Archer Armor
27:58 Scale Mail Armor
31:46 Imperial Age
29:26 Caravan
30:18 Bodkin Arrow
30:38 Leather Archer Armor
30:55 Hand Cart
30:36 Light Cavalry
31:16 Husbandry
33:39 Chemistry
33:01 Ballistics
33:30 Leather Archer Armor
35:10 Two-Man Saw
34:08 Murder Holes
33:53 Treadmill Crane
37:16 Conscription
36:22 Cavalier
37:32 Pikeman
37:57 Gambesons
38:50 Redemption
39:12 Sanctity
39:23 Illumination
39:16 Block Printing
39:40 Theocracy
40:21 Hoardings
41:30 Bracer
42:01 Ring Archer Armor
45:29 Thumb Ring
45:49 Bombard Tower
Connection lost

Rejoining the realm…

Still unreachable

The connection could not be restored.

Session expired

The server has moved on; the page needs a fresh start.